 Dungeon Crawl Stone Soup version 0.22.1-1-ga44c0e56f4 (webtiles) character file.

28254 Riddle the Pandemonic (level 13, -18/96 HPs)
             Began as a Formicid Fighter on Oct 7, 2018.
             Was a High Priest of Makhleb.
             Demolished by Rupert
             ... wielding a +3 battleaxe of electrocution
              (19 damage)
             ... on level 4 of the Lair of Beasts.
             The game lasted 00:37:55 (15497 turns).

Riddle the Pandemonic (Formicid Fighter)           Turns: 15497, Time: 00:37:57

Health: -18/96     AC: 17    Str: 29    XL:     13   Next: 72%
Magic:  0/26       EV:  7    Int:  4    God:    Makhleb [*****.]
Gold:   589        SH: 23    Dex: 14    Spells: 12/12 levels left

rFire    + . .     SeeInvis +   V - +9 hand axe of Debranwinn {vamp, rC+ rN+}
rCold    + + .     Gourm    .   R - +2 large shield
rNeg     + . .     Faith    .   t - +1 plate armour of the Butterfly {rC+ Int-4 Dex+4}
rPois    +         Spirit   +   (helmet unavailable)
rElec    .         Reflect  .   H - scarf {Spirit}
rCorr    .         Harm     .   L - +2 pair of gloves {Str+3}
MR       +....                  (no boots)
Stlth    ..........             T - amulet of regeneration
HPRegen  0.66/turn              O - ring of poison resistance
MPRegen  0.20/turn              k - ring of protection from fire

@: no status effects
A: permanent stasis, dig shafts and tunnels, four strong arms, antennae 3
a: Dig, Shaft Self, Minor Destruction, Lesser Servant of Makhleb, Major
Destruction, Greater Servant of Makhleb, Renounce Religion


You were on level 4 of the Lair of Beasts.
You worshipped Makhleb.
Makhleb was extremely pleased with you.
You were not hungry.

You visited 3 branches of the dungeon, and saw 17 of its levels.

You collected 978 gold pieces.
You spent 389 gold pieces at shops.

Inventory:

Hand Weapons
 V - the +9 hand axe of Debranwinn (weapon) {vamp, rC+ rN+}
   (You found it on level 3 of the Lair of Beasts)

   It inflicts no extra harm, but heals its wielder when it wounds a living foe.
   It protects you from cold.
   It protects you from negative energy.
Armour
 t - the +1 plate armour of the Butterfly (worn) {rC+ Int-4 Dex+4}
   (You found it on level 5 of the Dungeon)

   It affects your intelligence (-4).
   It affects your dexterity (+4).
   It protects you from cold.
 H - a scarf of spirit shield (worn)
 L - a +2 pair of gloves of strength (worn)
 R - a +2 large shield (worn)
Jewellery
 k - a ring of protection from fire (right hand)
 l - an uncursed ring of positive energy
 O - a ring of poison resistance (left hand)
 T - an amulet of regeneration (around neck)
 U - an uncursed amulet of magic regeneration
Wands
 s - a wand of polymorph (36)
 A - a wand of flame (79)
 B - a wand of random effects (29)
 C - a wand of iceblast (27)
 E - a wand of paralysis (20)
 G - a wand of enslavement (8)
 I - a wand of disintegration (31)
 Q - a wand of acid (10)
 Y - a wand of clouds (4)
Scrolls
 e - 5 scrolls of identify
 h - 6 scrolls of remove curse
 i - 5 scrolls of immolation
 j - 6 scrolls of enchant weapon {unknown}
 m - 9 scrolls of teleportation {unknown}
 n - 3 scrolls of fear {unknown}
 q - a scroll of noise {unknown}
 u - 4 scrolls of blinking {unknown}
 v - a scroll of random uselessness {unknown}
 w - 3 scrolls of fog {unknown}
 x - a scroll of holy word {unknown}
 y - 4 scrolls of magic mapping
 D - a scroll of vulnerability {unknown}
 F - 3 scrolls of amnesia {unknown}
 M - 2 scrolls of enchant armour
Potions
 a - a potion of resistance {unknown}
 b - 3 potions of brilliance {unknown}
 c - 4 potions of lignification {unknown}
 d - 7 potions of might
 g - 2 potions of cancellation {unknown}
 p - 9 potions of curing
 r - 5 potions of heal wounds {unknown}
 z - 4 potions of degeneration {unknown}
 J - 2 potions of mutation {unknown}
 K - a potion of experience {unknown}
 N - 2 potions of flight {unknown}
 P - a potion of berserk rage {unknown}
 S - 2 potions of agility
 W - a potion of haste {unknown}
 X - 2 potions of ambrosia {unknown}
Comestibles
 f - 29 rations
 o - 30 chunks of flesh


   Skills:
 + Level 7.5 Fighting
   Level 3.7(4.0) Short Blades
   Level 2.0(3.1) Long Blades
 - Level 7.0 Armour
 + Level 14.4 Shields
 + Level 18.0 Invocations


You had 12 spell levels left.
You didn't know any spells.
Your spell library contained the following spells:

 Spells                   Type           Power        Failure   Level  Hunger
 Corona                   Hex            #......      99%         1    ##.....
 Magic Dart               Conj           #...         99%         1    ##.....
 Shock                    Conj/Air       #...         99%         1    ##.....
 Call Imp                 Summ           #.......     100%        2    ###....
 Slow                     Hex            #.......     100%        2    ###....
 Swiftness                Chrm/Air       #.......     100%        2    ###....
 Conjure Flame            Conj/Fire      #.......     100%        3    ####...
 Inner Flame              Hex/Fire       #.......     100%        3    ####...
 Mephitic Cloud           Conj/Pois/Air  #.......     100%        3    ####...
 Portal Projectile        Hex/Tloc       #.....       100%        3    ####...
 Static Discharge         Conj/Air       #.......     100%        3    ####...
 Airstrike                Air            #.........   100%        4    #####..
 Cause Fear               Hex            #.........   100%        4    #####..
 Leda's Liquefaction      Hex/Erth       #.........   100%        4    #####..
 Lightning Bolt           Conj/Air       #.........   100%        5    ######.
 Blink                    Tloc           Unusable     N/A         2    N/A

Dungeon Overview and Level Annotations

Branches:
Dungeon (11/15)            Temple (1/1) D:6            Lair (5/6) D:11
    Orc (0/2) D:11
  Swamp: Lair:2-4    Shoals: Lair:2-4     Snake: Lair:2-4    Spider: Lair:2-4
  Slime: Lair:5-6

Altars:
Ashenzari
Cheibriados
Dithmenos
Elyvilon
Fedhas
Gozag
Hepliaklqana
Kikubaaqudgha
Makhleb
Nemelex Xobeh
Okawaru
Qazlal
Ru
Sif Muna
Trog
Uskayaw
Vehumet
Wu Jian
Xom
Yredelemnul
The Shining One

Shops:
D:10 :(%?[

Annotations:
D:11 Urug
Lair:4 Rupert


Innate Abilities, Weirdness & Mutations

You cannot be hasted, slowed, berserked, paralysed or teleported.
You can dig through walls and to a lower floor.
Your four strong arms can wield two-handed weapons with a shield.
You have a pair of large antennae on your head. (SInv)


Message History

Press: ? - help, Shift-Dir - straight line, f/p - Rupert
Aim: Rupert, wielding a battleaxe of electrocution and wearing a leather armour The puff of flame misses Rupert.
Rupert hits you with a battleaxe of electrocution!!
* * * LOW HITPOINT WARNING * * *
You are electrocuted!
* * * LOW HITPOINT WARNING * * *
Unknown command.
Okay, then.
Okay, then.
You feel better. You block Rupert's attack.
Are you sure you want to shaft yourself?
You feel quite a bit more hungry. You block Rupert's attack.
Rupert hits you with a battleaxe of electrocution!
* * * LOW HITPOINT WARNING * * *
You begin to dig a shaft.
You continue digging a shaft.
Rupert hits you with a battleaxe of electrocution.
* * * LOW HITPOINT WARNING * * *
You are electrocuted!
You die...

### ##@# #. ##
#@## ...
##.#####S##P...
##......{{{F.....
#.....Y....PP#...
##..<.Y.......@.
.......>.........
..P..>.##..#.#...
.##...# #..###...


You could see Rupert (berserk).

Vanquished Creatures
  Josephine (D:10)
  Erolcha (D:9)
  A necromancer (Lair:2)
  An ugly thing (D:11)
  3 elephants (Lair:3)
  6 spiny frogs
  3 black mambas
  A gargoyle (D:10)
  A komodo dragon (Lair:2)
  3 kobold demonologists (D:11)
  2 trolls
  3 meliai (D:11)
  A polar bear (Lair:4)
  8 blink frogs
  A hornet (D:11)
  Prince Ribbit (D:9)
  Grinder (D:4)
  5 hippogriffs
  5 wraiths
  A wyvern (D:11)
  44 yaks
  A hungry ghost (D:11)
  A basilisk (Lair:1)
  A soldier ant (D:11)
  3 water moccasins
  12 porcupines
  9 orc warriors
  An ice beast (D:7)
  A sky beast (D:11)
  A phantom (D:11)
  A necrophage (D:11)
  5 wolves (Lair:1)
  5 ogres
  7 centaurs
  9 crocodiles
  3 big kobolds
  17 bullfrogs
  3 scorpions
  4 killer bees (D:7)
  5 wights (D:6)
  An electric eel (Lair:1)
  A howler monkey (D:4)
  3 crimson imps
  A bullfrog zombie (D:7)
  A centaur zombie (D:9)
  A quasit (D:10)
  14 orc wizards
  A gnoll shaman (D:7)
  16 orc priests
  4 hounds
  5 jellies
  2 bullfrog skeletons (D:11)
  Ijyb (D:3)
  8 worker ants
  5 iguanas
  3 yak simulacra (Lair:2)
  3 polar bear simulacra (Lair:2)
  4 wolf simulacra (Lair:2)
  A hound zombie (D:9)
  4 hound skeletons
  4 gnolls (D:7)
  A howler monkey skeleton (D:9)
  18 adders
  2 shadow imps
  2 oozes
  An adder skeleton (D:6)
  2 worms (D:3)
  3 dart slugs
  5 leopard geckos
  63 orcs
  2 ball pythons
  5 bats
  11 giant cockroaches
  9 goblins
  9 hobgoblins
  14 jackals
  2 quokkas
  9 frilled lizards
  2 jackal skeletons
  18 kobolds
  6 rats
  A river rat simulacrum (Lair:2)
450 creatures vanquished.

Vanquished Creatures (others)
  2 fungi
  6 plants (D:11)
8 creatures vanquished.

Grand Total: 458 creatures vanquished

Notes
Turn   | Place    | Note
-------+----------+-------------------------------------------
     0 | D:1      | Riddle the Formicid Fighter began the quest for the Orb.
     0 | D:1      | Reached XP level 1. HP: 18/18 MP: 1/1
    77 | D:1      | Reached XP level 2. HP: 12/24 MP: 2/2
   407 | D:1      | Reached XP level 3. HP: 30/30 MP: 3/3
   974 | D:2      | Reached XP level 4. HP: 37/37 MP: 4/4
  1904 | D:2      | Reached XP level 5. HP: 25/42 MP: 5/5
  2320 | D:3      | Noticed Ijyb
  2333 | D:3      | Killed Ijyb
  2687 | D:3      | Reached skill level 5 in Shields
  2758 | D:3      | Reached XP level 6. HP: 49/49 MP: 6/6
  3470 | D:4      | Noticed Grinder
  3495 | D:3      | Reached skill level 5 in Fighting
  3495 | D:3      | Reached skill level 5 in Armour
  3820 | D:4      | Found an iron altar of Okawaru.
  3830 | D:4      | Found a shimmering altar of Xom.
  4180 | D:4      | Got a translucent dagger
  4184 | D:4      | Identified the +12 dagger "Stringbean" {venom, rF+} (You
                  | found it on level 4 of the Dungeon)
  4261 | D:4      | Reached XP level 7. HP: 33/56 MP: 7/7
  4414 | D:4      | Killed Grinder
  4414 | D:4      | Reached skill level 1 in Short Blades
  4861 | D:5      | Entered Level 5 of the Dungeon
  4902 | D:5      | Reached XP level 8. HP: 64/64 MP: 8/8
  5079 | D:5      | Found an ornate altar of the Wu Jian Council.
  5211 | D:5      | Got a faintly humming plate armour
  5212 | D:5      | Identified the +1 plate armour of the Butterfly {rC+ Int-4
                  | Dex+4} (You found it on level 5 of the Dungeon)
  5729 | D:6      | Found a staircase to the Ecumenical Temple.
  5908 | D:6      | Found a shadowy altar of Dithmenos.
  6143 | Temple   | Entered the Ecumenical Temple
  6173 | Temple   | Became a worshipper of Makhleb the Destroyer
  6341 | D:6      | Reached XP level 9. HP: 66/71 MP: 9/9
  6453 | D:7      | Reached skill level 1 in Invocations
  6550 | D:7      | Reached skill level 2 in Invocations
  6683 | D:7      | Reached skill level 3 in Invocations
  6891 | D:7      | Reached skill level 4 in Invocations
  7099 | D:7      | Noticed a two-headed ogre
  7206 | D:7      | Reached skill level 5 in Invocations
  7334 | D:8      | Found an ancient bone altar of Kikubaaqudgha.
  7411 | D:8      | Reached * piety under Makhleb
  7545 | D:8      | Found an opulent altar of Gozag.
  7593 | D:8      | Found a white marble altar of Elyvilon.
  7594 | D:8      | Found a shattered altar of Ashenzari.
  7642 | D:8      | Reached skill level 6 in Invocations
  8219 | D:8      | Reached skill level 7 in Invocations
  8488 | D:9      | Reached XP level 10. HP: 79/79 MP: 15/15
  8549 | D:9      | Reached skill level 8 in Invocations
  8711 | D:9      | Reached skill level 9 in Invocations
  8926 | D:9      | Reached skill level 10 in Invocations
  8932 | D:9      | Reached ** piety under Makhleb
  8955 | D:9      | Found a bloodstained altar of Trog.
  8988 | D:9      | Noticed Erolcha
  9048 | D:9      | Noticed Prince Ribbit
  9060 | D:9      | Killed Prince Ribbit
  9075 | D:9      | Reached skill level 11 in Invocations
  9138 | D:9      | Killed Erolcha
  9290 | D:9      | Reached skill level 12 in Invocations
  9395 | D:10     | Entered Level 10 of the Dungeon
  9515 | D:10     | Found Xodgharagg's Book Shoppe.
  9537 | D:10     | Reached XP level 11. HP: 84/84 MP: 17/20
  9581 | D:10     | Noticed Josephine
  9601 | D:10     | Killed Josephine
  9601 | D:10     | Reached skill level 13 in Invocations
  9629 | D:10     | Reached skill level 14 in Invocations
  9749 | D:10     | Found Nots's Food Shoppe.
  9898 | D:10     | Found Gelaec's Magic Scroll Boutique.
  9917 | D:10     | Bought a scroll of magic mapping for 45 gold pieces
  9917 | D:10     | Bought a scroll of enchant armour for 97 gold pieces
  9955 | D:10     | Found Pigychiu's Antique Armour Shop.
  9964 | D:10     | Bought a shiny large shield for 247 gold pieces
 10065 | D:10     | Found Wyorucia's Weapon Shop.
 10206 | D:11     | Noticed a red ugly thing
 10266 | D:11     | Reached *** piety under Makhleb
 10536 | D:11     | Killed a red ugly thing
 10536 | D:11     | Reached skill level 15 in Invocations
 10578 | D:11     | Reached skill level 10 in Shields
 10678 | D:11     | Reached XP level 12. HP: 91/91 MP: 21/23
 10768 | D:11     | Reached **** piety under Makhleb
 10871 | D:11     | Found a staircase to the Orcish Mines.
 11138 | D:11     | Noticed Urug
 11321 | D:11     | Reached skill level 16 in Invocations
 11359 | D:11     | Found a staircase to the Lair.
 11896 | Lair:1   | Entered Level 1 of the Lair of Beasts
 11972 | Lair:1   | Reached ***** piety under Makhleb
 13175 | Lair:2   | Reached XP level 13. HP: 77/96 MP: 20/25
 13302 | Lair:2   | Reached skill level 17 in Invocations
 14590 | Lair:3   | Got a pitted hand axe
 14591 | Lair:3   | Identified the +9 hand axe of Debranwinn {vamp, rC+ rN+}
                  | (You found it on level 3 of the Lair of Beasts)
 15055 | Lair:4   | Got a heavy robe
 15056 | Lair:4   | Identified the cursed +0 robe of the Past {MR+ Int+6} (You
                  | found it on level 4 of the Lair of Beasts)
 15259 | Lair:4   | You fall through a shaft!
 15310 | Lair:5   | Reached skill level 18 in Invocations
 15467 | Lair:5   | Noticed a four-headed hydra
 15475 | Lair:4   | Noticed Rupert
 15497 | Lair:4   | HP: 1/96 [Rupert/battleaxe of electrocution (6)]
 15497 | Lair:4   | Demolished by Rupert

Skill      XL: |  1  2  3  4  5  6  7  8  9 10 11 12 13 |
---------------+----------------------------------------+-----
Shields        | 4 5 6 7 9 10 12 14 | 14.4
Fighting       | 4 5 6 7 |  7.5
Armour         | 4 5 6 7 |  7.0
Short Blades   | 2 3 |  3.7
Invocations    | 7 12 15 16 18 | 18.0
Long Blades    | |  2.0

Action                   |  1- 3 |  4- 6 |  7- 9 | 10-12 | 13-15 || total
-------------------------+-------+-------+-------+-------+-------++-------
Melee: Long sword        |   128 |   262 |       |       |       ||   390
       Rapier            |       |     1 |       |       |       ||     1
       Dagger            |       |     8 |   273 |   623 |    85 ||   989
       Hand axe          |       |       |       |       |     4 ||     4
Invok: Minor Destruction |       |       |       |   189 |   249 ||   438
 Abil: Dig               |       |     1 |     7 |    20 |     7 ||    35
       Shaft Self        |       |       |       |       |     1 ||     1
  Use: Scroll            |       |     1 |     3 |       |     4 ||     8
       Potion            |       |       |       |       |     1 ||     1
  Eat: Chunk             |       |    11 |    14 |    20 |     6 ||    51
       Ration            |       |       |       |       |     2 ||     2
Armor: Scale mail        |    27 |       |       |       |       ||    27
       Ring mail         |    22 |    99 |     7 |       |       ||   128
       Plate armour      |       |       |    54 |   150 |    47 ||   251
Dodge: Dodged            |    57 |    85 |    36 |    67 |    32 ||   277
Block: Shield            |    75 |   138 |    85 |    83 |       ||   381
       Large shield      |       |       |       |   316 |   217 ||   533
       Rpst.: Long sword |    23 |    26 |       |       |       ||    49
